 Dungeon Crawl Stone Soup version 0.31-a0-117-g42d8f58691 (webtiles) character file.

Game seed: 15952517127557430167

40 MackTheKnife the Cutter (level 3, -2/28 HPs)
             Began as a Vine Stalker Berserker on May 30, 2023.
             Was a Follower of Trog.
             Killed by divine providence
             ... invoked by an orc priest
              (11 damage)
             ... on level 3 of the Dungeon.
             The game lasted 00:02:07 (495 turns).

MackTheKnife the Cutter (Vine Stalker Berserker)     Turns: 495, Time: 00:02:08

Health: -2/28      AC:  6    Str: 19    XL:     3   Next: 50%
Magic:  0/4        EV: 10    Int:  7    God:    Trog [*.....]
Gold:   41         SH:  0    Dex: 15    Spells: 2/2 levels left

rFire   . . .        a - +0 short sword {short}
rCold   . . .        (no shield)
rNeg    . . .        c - +0 scale mail
rPois   .            (no helmet)
rElec   .            (no cloak)
rCorr   .            (no gloves)
SInv    .            (no boots)
Will    .....        (no amulet) Stlth
                     (no ring)
HPRegen 0.24/turn    (no ring)
MPRegen 0.09/turn

%: guardian spirit
@: berserking, very quick
A: fangs 2, magic shield, antimagic bite, no potion heal 2
a: Renounce Religion, Berserk


You were on level 3 of the Dungeon.
You worshipped Trog.
Trog was aware of your devotion.
You visited 1 branch of the dungeon, and saw 3 of its levels.

You collected 41 gold pieces.


Innate Abilities, Weirdness & Mutations

You have extremely sharp teeth.
When hurt, damage is shared between your health and your magic reserves.
Your bite disrupts and absorbs the magic of your enemies.
Potions cannot restore your health.


   Skills:
 - Level 2.6 Fighting
 + Level 4.0 Short Blades
 - Level 1.5 Armour
 - Level 1.5 Dodging


You had 2 spell levels left.
You didn't know any spells.
Your spell library was empty.

Inventory:

Hand Weapons
 a - a +0 short sword (weapon) {short}
Armour
 c - a +0 scale mail (worn)
   (You found it on level 1 of the Dungeon)
Scrolls
 f - a scroll of magic mapping {!r}
 g - a scroll of noise {unknown}
Potions
 e - 2 potions of curing {unknown}
 h - a potion of attraction {unknown}

Dungeon Overview and Level Annotations

Branches:
Dungeon (3/15) Zot: 17521

Altars:
Yredelemnul

Shops:
D:1

( ##########
###########....)@o.#######
............######.......###
###########.# #.......... #
#.# #.......... # #.#
#..#######.. # #.#
#K.#######... # #.#
#o......##...
..######o......##...
.........PPPP..##...


You could see an orc priest.


Message History

You closely miss the orc. You bite the orc, but do no damage.
The orc closely misses you.
You hit the orc. You bite the orc. You drain its power.
You feel invigorated. 😕 MP[+1]
Your mp is fully restored (4).
You hit the orc. Your bite misses the orc. The orc hits you with a +0 club.
You closely miss the orc. Your bite misses the orc.
The orc hits you but does no damage.
You closely miss the orc.
The orc hits you with a +0 club. 😮 HP[-3] MP[-1]
You take 3 damage, and now have 13/19 hp.
You lost 1 mp, and now have 3/4 mp.
You hit the orc. Your bite misses the orc. The orc hits you but does no damage.
You hit the orc.
You kill the orc!
Trog accepts your kill. The orc hits you but does no damage.
Things that are here:
a +0 club {mace}; a +0 scale mail; 😮 HP[+1]
You hit the orc but do no damage. You bite the orc. You drain its power.
You feel invigorated.
The orc hits you but does no damage. 😮 MP[+1]
Your mp is fully restored (4).
You hit the orc.
You kill the orc!
Trog accepts your kill.
Your Short Blades skill increases to level 4!
You hit the goblin. The goblin hits you but does no damage.
You barely miss the goblin. The goblin hits you but does no damage.
You hit the goblin.
You kill the goblin!
Trog accepts your kill. 😕 HP[+1]
d - a +0 hand axe of flaming {axe}
Things that are here:
a +0 dagger {short}; a +0 ring mail; a goblin corpse
Okay, then.
You drop a +0 animal skin.
You drop a +0 hand axe of flaming {axe}. 😕 HP[+1] 😕 HP[+1]
Found an escape hatch in the ceiling. 😕 HP[+1]
There is a basalt altar of Yredelemnul here.
A kobold and an orc priest come into view.
The kobold shouts!
The orc priest shouts!
An orc comes into view. It is wielding a +0 dagger.
The orc shouts! 😎 HP[+1]
Your hp is fully restored (19).
There is a basalt altar of Yredelemnul here.
The orc priest begins to cast a cantrip, but forgets the words!
The orc priest looks satisfied for a moment.
The orc priest looks satisfied for a moment.
Things that are here:
a +0 hand axe of flaming {axe}; a +0 animal skin
Things that are here:
a +0 dagger {short}; a +0 ring mail; a goblin corpse
Things that are here:
a +0 club {mace}; a +0 scale mail The kobold hits you but does no damage.
Things that are here:
a +0 dagger {short}; a +0 ring mail; a goblin corpse You closely miss the kobold.
The kobold completely misses you.
You closely miss the kobold. You bite the kobold.
You kill the kobold!
Trog accepts your kill.
You hit the orc. Your bite misses the orc.
The orc hits you with a +0 dagger. 😕 HP[-3] MP[-1]
You take 3 damage, and now have 16/19 hp.
You lost 1 mp, and now have 3/4 mp.
You hit the orc but do no damage. Your bite misses the orc.
The orc hits you but does no damage. 😕 HP[+1]
You barely miss the orc. You hit the orc. You bite the orc.
You drain its power.
You feel invigorated.
The orc hits you but does no damage. 😕 MP[+1]
Your mp is fully restored (4).
You hit the orc.
You kill the orc!
Trog accepts your kill.
You barely miss the orc priest. Your bite misses the orc priest.
The orc priest hits you with a +0 dagger. 😕 HP[-1]
You take 1 damage, and now have 16/19 hp.
You hit the orc priest.
The orc priest calls down the wrath of Beogh upon you.
Beogh smites you!
Ouch! That really hurt!
* * * LOW HITPOINT WARNING * * *
😨 HP[-11] MP[-3]
You take 11 damage, and now have 5/19 hp.
MASSIVE DAMAGE!! (PAUSE)
You lost 3 mp, and now have 1/4 mp.
A red film seems to cover your vision as you go berserk!
You feel yourself moving faster!
You feel mighty!
The orc priest calls down the wrath of Beogh upon you.
Beogh smites you!
You die...

Skill      XL: |  1  2  3 |
---------------+----------+-----
Short Blades   | 3 4 |  4.0
Fighting       | |  2.6
Armour         | |  1.5
Dodging        | |  1.5

Action                     || total
---------------------------++-------
  Melee: Short sword       ||   100
         Bite              ||    29
 Invoke: Berserk           ||     1
    Use: Scroll            ||     2
 Armour: Scale mail        ||    32
         Animal skin       ||     2
  Dodge: Dodged            ||    38

Levels and vault maps discovered:
D:1:      kb_arrival_jail, layout_loops_ring, serial_shops,
          nicolae_shop_scrapyard, basic_ecumenical_altar
D:2:      layout_basic
D:3:      layout_basic, mainiacjoe_overflow_chevrons,
          eat_drink_and_be_merry_uskayaw, nicolae_overflow_hidden_temple,
          serial_park_tiny_2, minivault_27, lightli_corner_chamber

Notes
Turn   | Place    | Note
-------+----------+-------------------------------------------
     0 | D:1      | MackTheKnife the Vine Stalker Berserker began the quest for
                  | the Orb.
     0 | D:1      | Reached XP level 1. HP: 11/11 MP: 2/2
     0 | D:1      | magus.rc [v1.9.6]
     2 | D:1      | Noticed a spriggan
     2 | D:1      | Noticed a formicid
     4 | D:1      | Noticed a vine stalker
     6 | D:1      | Noticed a minotaur
     6 | D:1      | Noticed a ghoul
     8 | D:1      | Noticed an ogre
     8 | D:1      | Noticed a tengu
    10 | D:1      | Noticed a meteoran
    10 | D:1      | Noticed an armataur
    12 | D:1      | Noticed a naga
    12 | D:1      | Noticed an elf
    16 | D:1      | Noticed a felid
    18 | D:1      | Noticed an octopode
    20 | D:1      | Noticed a merfolk
    20 | D:1      | Noticed a demonspawn
    22 | D:1      | Noticed a vampire
    22 | D:1      | Noticed a demigod
    24 | D:1      | Noticed a draconian
    24 | D:1      | Noticed a gargoyle
    26 | D:1      | Noticed a troll
    26 | D:1      | Noticed a naga
    28 | D:1      | Noticed an ogre
    28 | D:1      | Noticed a demigod
    35 | D:1      | Found a faded altar of an unknown god.
    93 | D:1      | Reached skill level 3 in Short Blades
    97 | D:1      | Reached XP level 2. HP: 16/16 MP: 3/3
   199 | D:1      | Found Xoubrepnu's Weapon Boutique.
   285 | D:2      | Reached XP level 3. HP: 15/19 MP: 2/4
   419 | D:3      | Found a basalt altar of Yredelemnul.
   447 | D:3      | Reached skill level 4 in Short Blades
   495 | D:3      | Killed from afar by an orc priest

Vanquished Creatures
  An adder (D:2)
  A dart slug (D:1)
  3 orcs (D:3)
  A bat (D:2)
  A giant cockroach (D:1)
  3 goblins
  3 hobgoblins
  3 jackals (D:1)
  A quokka (D:1)
  2 ball pythons (D:1)
  3 kobolds
  A rat (D:1)
23 creatures vanquished.

Table legend:
 A = Non-vault XP
 B = Vault XP
 C = Vault XP percentage of total XP
 D = Non-vault monster count
 E = Vault monster count
 F = Vault count percentage of total count
                 A         B        C        D         E       F
            +---------+---------+-------+---------+---------+-------
      Total |      58 |       0 |   0.0 |      23 |       0 |   0.0
            +---------+---------+-------+---------+---------+-------
        D:1 |      29 |       0 |   0.0 |      15 |       0 |   0.0
        D:2 |      17 |       0 |   0.0 |       3 |       0 |   0.0
        D:3 |      12 |       0 |   0.0 |       5 |       0 |   0.0
            +---------+---------+-------+---------+---------+-------

Skill      XL: |  1  2  3 |
---------------+----------+-----
Short Blades   | 3 4 |  4.0
Fighting       | |  2.6
Armour         | |  1.5
Dodging        | |  1.5

Action                     || total
---------------------------++-------
  Melee: Short sword       ||   100
         Bite              ||    29
 Invoke: Berserk           ||     1
    Use: Scroll            ||     2
 Armour: Scale mail        ||    32
         Animal skin       ||     2
  Dodge: Dodged            ||    38

Illustrated notes

Table legend:
 A = Kills in this place as a percentage of kills in the entire game.
 B = Kills by you in this place as a percentage of kills by you in the entire game.
 C = Kills by friends in this place as a percentage of kills by friends in the entire game.
 D = Other kills in this place as a percentage of other kills in the entire game.
 E = Experience gained in this place as a percentage of experience gained in the entire game.
 F = Experience gained in this place divided by the number of levels of this place that you have seen.
                   A       B       C       D       E      F
               +-------+-------+-------+-------+-------+----------------------
         Total | 100.0 | 100.0 |   N/A |   N/A | 100.0 |  19.3
       Dungeon | 100.0 | 100.0 |   N/A |   N/A | 100.0 |  19.3
               +-------+-------+-------+-------+-------+----------------------

Table legend: (Time is in decaauts)
 A = Elapsed time spent in this place.
 B = Non-inter-level travel time spent in this place.
 C = Inter-level travel time spent in this place.
 D = Time resting spent in this place.
 E = Time spent auto-exploring this place.
 F = Levels seen in this place.
 G = Mean time per level.
                   A        B        C        D        E       F      G
               +--------+--------+--------+--------+--------+-----+--------+
         Total |    477 |    477 |      0 |      0 |      0 |   3 |  159.0 |
       Dungeon |    477 |    477 |      0 |      0 |      0 |   3 |  159.0 |
               +--------+--------+--------+--------+--------+-----+--------+

Top non-repeatable levels by time:
     D:1: 255 daAuts
     D:2: 124 daAuts
     D:3: 97 daAuts
